PA
VALLEY BLUE SOX @ SOUTH BEACH BLAZE
08/07/2034
 
TOP OF THE 1ST
Valley Blue Sox batting - Pitching for South Beach Blaze : RHP Rex Aguilera
Pitching: RHP Rex Aguilera
Batting: RHB Dale Epner 0-0: Called Strike
0-1: Ball
1-1: Ball
2-1: Called Strike
2-2: Foul Ball, location: 2F
2-2: Ball
3-2: Base on Balls
Batting: SHB Donnie Magee 0-0: SINGLE (Flyball, 9S)
Dale Epner to second
Runner from 2nd tries for 3rd, SAFE, throw made to third
Batting: RHB Richard Trevithick 0-0: Ball
1-0: Ball
2-0: Fly out, F9 (Flyball, 9LS)
Runner from 3rd tags up, SCORES, no throw
Batting: RHB Jon Huband 0-0: Called Strike
0-1: Ball
1-1: Foul Ball, location: 2F
1-2: Foul Ball, location: 2F
1-2: Ball
2-2: Ball
3-2: Grounds into double play, 5-4-3 (Groundball, 5)
Top of the 1st over - 1 run, 1 hit, 0 errors, 0 left on base; Valley 1 - South Beach 0
BOTTOM OF THE 1ST
South Beach Blaze batting - Pitching for Valley Blue Sox : RHP Ignacio Uribe
Pitching: RHP Ignacio Uribe
Batting: RHB Maxence Sultanbekov 0-0: Ball
1-0: Ball
2-0: Ball
3-0: Foul Ball, location: 2F
3-1: SINGLE (Groundball, 56) (infield hit)
Batting: SHB Eisse van Opdorp 0-0: Ball
1-0: Fly out, F7 (Flyball, 78S)
Batting: LHB Lewis Blankenship 0-0: Ground out 4-3 (Groundball, 4S)
Maxence Sultanbekov to second
Batting: RHB Dave Broom 0-0: Called Strike
0-1: Swinging Strike
0-2: Foul Ball, location: 2F
0-2: DOUBLE (Flyball, 89XD)
Maxence Sultanbekov scores
Batting: SHB Noah Martone 0-0: Swinging Strike
0-1: Swinging Strike
0-2: Ball
1-2: Ball
2-2: Foul Ball, location: 2F
2-2: Strikes out looking
Bottom of the 1st over - 1 run, 2 hits, 0 errors, 1 left on base; Valley 1 - South Beach 1
TOP OF THE 2ND
Valley Blue Sox batting - Pitching for South Beach Blaze : RHP Rex Aguilera
Batting: LHB Walter Butler 0-0: Ball
1-0: Ball
2-0: Ball
3-0: Called Strike
3-1: Fly out, F7 (Line Drive, 7)
Batting: RHB Dallas Jiménez 0-0: Called Strike
0-1: Called Strike
0-2: Ball
1-2: Strikes out looking
Batting: RHB Júlio Hernández 0-0: Ball
1-0: Foul Ball, location: 2F
1-1: Called Strike
1-2: Strikes out looking
Top of the 2nd over - 0 runs, 0 hits, 0 errors, 0 left on base; Valley 1 - South Beach 1
BOTTOM OF THE 2ND
South Beach Blaze batting - Pitching for Valley Blue Sox : RHP Ignacio Uribe
Batting: RHB Mikael Evangjeli 0-0: Called Strike
0-1: Ball
1-1: Foul Ball, location: 2F
1-2: Ball
2-2: Ball
3-2: SOLO HOME RUN (Flyball, 7D), Distance : 417 ft
Batting: LHB Javier López 0-0: Ball
1-0: Swinging Strike
1-1: Foul Ball, location: 2F
1-2: Ball
2-2: Foul Ball, location: 2F
2-2: Ball
3-2: Strikes out swinging
Batting: RHB Mark Patterson 0-0: Ground out 6-3 (Groundball, 6)
Batting: LHB Tomislav Jovovich 0-0: Ball
1-0: Foul Ball, location: 2F
1-1: Ball
2-1: Swinging Strike
2-2: Ball
3-2: Base on Balls
Batting: RHB Maxence Sultanbekov 0-0: Called Strike
0-1: Ground out 4-3 (Groundball, 4)
Bottom of the 2nd over - 1 run, 1 hit, 0 errors, 1 left on base; Valley 1 - South Beach 2
TOP OF THE 3RD
Valley Blue Sox batting - Pitching for South Beach Blaze : RHP Rex Aguilera
Batting: SHB Vincent Griffin 0-0: Ball
1-0: Ball
2-0: Called Strike
2-1: Swinging Strike
2-2: Foul Ball, location: 2F
2-2: Strikes out looking
Batting: RHB Jeff Fox 0-0: Called Strike
0-1: Swinging Strike
0-2: Ball
1-2: Ball
2-2: Foul Ball, location: 2F
2-2: Strikes out swinging
Batting: RHB Dale Epner 0-0: Ball
1-0: Ball
2-0: Ball
3-0: Called Strike
3-1: Base on Balls
Batting: SHB Donnie Magee 0-0: Ball
1-0: Ball
2-0: Ball
3-0: Base on Balls
Dale Epner to second
Batting: RHB Richard Trevithick 0-0: Fly out, F6 (Popup, 6MS)
Top of the 3rd over - 0 runs, 0 hits, 0 errors, 2 left on base; Valley 1 - South Beach 2
BOTTOM OF THE 3RD
South Beach Blaze batting - Pitching for Valley Blue Sox : RHP Ignacio Uribe
Batting: SHB Eisse van Opdorp 0-0: Ball
1-0: Swinging Strike
1-1: Fly out, F8 (Flyball, 8RM)
Batting: LHB Lewis Blankenship 0-0: Foul Ball, location: 2F
0-1: Called Strike
0-2: Ball
1-2: Strikes out swinging
Batting: RHB Dave Broom 0-0: Ball
1-0: Ball
2-0: Ball
3-0: Called Strike
3-1: Called Strike
3-2: Foul Ball, location: 2F
3-2: Foul Ball, location: 2F
3-2: Base on Balls
Batting: SHB Noah Martone 0-0: Ball
1-0: Called Strike
1-1: Fly out, F5 (Line Drive, 5S)
Bottom of the 3rd over - 0 runs, 0 hits, 0 errors, 1 left on base; Valley 1 - South Beach 2
TOP OF THE 4TH
Valley Blue Sox batting - Pitching for South Beach Blaze : RHP Rex Aguilera
Batting: RHB Jon Huband 0-0: Called Strike
0-1: Fly out, F7 (Line Drive, 7)
Batting: LHB Walter Butler 0-0: DOUBLE (Line Drive, 89D)
Batting: RHB Dallas Jiménez 0-0: Called Strike
0-1: Called Strike
0-2: Strikes out swinging
Batting: RHB Júlio Hernández 0-0: Swinging Strike
0-1: Ball
1-1: Ball
2-1: Called Strike
2-2: Strikes out swinging
Top of the 4th over - 0 runs, 1 hit, 0 errors, 1 left on base; Valley 1 - South Beach 2
BOTTOM OF THE 4TH
South Beach Blaze batting - Pitching for Valley Blue Sox : RHP Ignacio Uribe
Batting: RHB Mikael Evangjeli 0-0: Ground out 6-3 (Groundball, 6)
Batting: LHB Javier López 0-0: Foul Ball, location: 2F
0-1: Called Strike
0-2: Ball
1-2: Foul Ball, location: 2F
1-2: Foul Ball, location: 2F
1-2: Ball
2-2: Foul Ball, location: 2F
2-2: Strikes out swinging
Batting: RHB Mark Patterson 0-0: Called Strike
0-1: Foul Ball, location: 2F
0-2: Ball
1-2: Ball
2-2: Foul Ball, location: 2F
2-2: Strikes out swinging
Bottom of the 4th over - 0 runs, 0 hits, 0 errors, 0 left on base; Valley 1 - South Beach 2
TOP OF THE 5TH
Valley Blue Sox batting - Pitching for South Beach Blaze : RHP Rex Aguilera
Batting: SHB Vincent Griffin 0-0: Fly out, F7 (Flyball, 78D)
Batting: RHB Jeff Fox 0-0: Foul Ball, location: 2F
0-1: Ball
1-1: Fly out, F7 (Flyball, 7D)
Batting: RHB Dale Epner 0-0: Foul Ball, location: 2F
0-1: Foul Ball, location: 2F
0-2: Ball
1-2: Foul Ball, location: 2F
1-2: Ground out 6-3 (Groundball, 6)
Top of the 5th over - 0 runs, 0 hits, 0 errors, 0 left on base; Valley 1 - South Beach 2
BOTTOM OF THE 5TH
South Beach Blaze batting - Pitching for Valley Blue Sox : RHP Ignacio Uribe
Batting: LHB Tomislav Jovovich 0-0: Ball
1-0: Ball
2-0: Foul Ball, location: 2F
2-1: Foul Ball, location: 2F
2-2: Strikes out swinging
Batting: RHB Maxence Sultanbekov 0-0: Called Strike
0-1: Foul Ball, location: 2F
0-2: Fly out, F8 (Flyball, 89D)
Batting: SHB Eisse van Opdorp 0-0: Called Strike
0-1: Swinging Strike
0-2: Ball
1-2: Ball
2-2: Strikes out swinging
Bottom of the 5th over - 0 runs, 0 hits, 0 errors, 0 left on base; Valley 1 - South Beach 2
TOP OF THE 6TH
Valley Blue Sox batting - Pitching for South Beach Blaze : RHP Rex Aguilera
Batting: SHB Donnie Magee 0-0: Ball
1-0: Ball
2-0: Called Strike
2-1: Ball
3-1: Base on Balls
Batting: RHB Richard Trevithick 0-0: Ball
1-0: Ball
2-0: Ball
3-0: Base on Balls
Donnie Magee to second
Batting: RHB Jon Huband 0-0: Ball
1-0: Foul Ball, location: 2F
1-1: Fly out, F9 (Flyball, 9LS)
Batting: LHB Walter Butler 0-0: Swinging Strike
0-1: Ball
1-1: Foul Ball, location: 2F
1-2: Ball
2-2: Grounds into double play, 4-6-3 (Groundball, 4)
Top of the 6th over - 0 runs, 0 hits, 0 errors, 1 left on base; Valley 1 - South Beach 2
BOTTOM OF THE 6TH
South Beach Blaze batting - Pitching for Valley Blue Sox : RHP Ignacio Uribe
Batting: LHB Lewis Blankenship 0-0: Foul Ball, location: 2F
0-1: Called Strike
0-2: SOLO HOME RUN (Line Drive, 9LD), Distance : 353 ft
Batting: RHB Dave Broom 0-0: Called Strike
0-1: Ball
1-1: Foul Ball, location: 2F
1-2: Ball
2-2: Fly out, F4 (Popup, 4S)
Batting: SHB Noah Martone 0-0: Ball
1-0: Called Strike
1-1: Ball
2-1: SOLO HOME RUN (Line Drive, 9D), Distance : 406 ft
Batting: RHB Mikael Evangjeli 0-0: Ball
1-0: Ball
2-0: Ball
3-0: Called Strike
3-1: SINGLE (Flyball, 8LS)
Batting: LHB Javier López 0-0: Ball
1-0: Called Strike
1-1: Ball
2-1: Ball
3-1: SINGLE (Groundball, 4MD)
Mikael Evangjeli to second
Runner from 2nd tries for 3rd, OUT!
Javier López to second
Pitching: RHP Risto Latva
Batting: RHB Mark Patterson 0-0: Called Strike
0-1: Foul Ball, location: 2F
0-2: Foul Ball, location: 2F
0-2: Foul Ball, location: 2F
0-2: Ball
1-2: Ball
2-2: Foul Ball, location: 2F
2-2: Ball
3-2: Fly out, F8 (Flyball, 78D)
Bottom of the 6th over - 2 runs, 4 hits, 0 errors, 1 left on base; Valley 1 - South Beach 4
TOP OF THE 7TH
Valley Blue Sox batting - Pitching for South Beach Blaze : RHP Rex Aguilera
Pitching: RHP Théo Picard
Batting: RHB Dallas Jiménez 0-0: Ball
1-0: Foul Ball, location: 2F
1-1: Called Strike
1-2: Strikes out looking
Batting: RHB Júlio Hernández 0-0: Called Strike
0-1: SINGLE (Groundball, 56S) (infield hit)
Batting: SHB Vincent Griffin 0-0: Ball
1-0: Foul Ball, location: 2F
1-1: Ball
2-1: Called Strike
2-2: Foul Ball, location: 2F
2-2: Strikes out swinging
Batting: RHB Jeff Fox 0-0: Ball
1-0: Ball
2-0: Ball
3-0: Called Strike
3-1: Called Strike
3-2: Strikes out swinging
Top of the 7th over - 0 runs, 1 hit, 0 errors, 1 left on base; Valley 1 - South Beach 4
BOTTOM OF THE 7TH
South Beach Blaze batting - Pitching for Valley Blue Sox : RHP Risto Latva
Batting: LHB Tomislav Jovovich 0-0: Called Strike
0-1: Foul Ball, location: 2F
0-2: Fly out, F9 (Flyball, 9S)
Batting: RHB Maxence Sultanbekov 0-0: Called Strike
0-1: Called Strike
0-2: Foul Ball, location: 2F
0-2: DOUBLE (Flyball, 89D)
Batting: SHB Eisse van Opdorp 0-0: Foul Ball, location: 2F
0-1: SINGLE (Line Drive, 89S)
Maxence Sultanbekov to third
Runner from 3rd tries for Home, SAFE, no throw
Batting: LHB Lewis Blankenship 0-0: Ball
1-0: Fly out, F7 (Flyball, 7D)
Batting: RHB Dave Broom 0-0: Fly out, F4 (Popup, 4MD)
Bottom of the 7th over - 1 run, 2 hits, 0 errors, 1 left on base; Valley 1 - South Beach 5
TOP OF THE 8TH
Valley Blue Sox batting - Pitching for South Beach Blaze : RHP Théo Picard
Batting: RHB Dale Epner 0-0: Called Strike
0-1: Ball
1-1: Ball
2-1: Ball
3-1: Foul Ball, location: 2F
3-2: Base on Balls
Batting: SHB Donnie Magee 0-0: Swinging Strike
0-1: Ball
1-1: Ball
2-1: Ball
3-1: Called Strike
3-2: Base on Balls
Dale Epner to second
Batting: RHB Richard Trevithick 0-0: Called Strike
0-1: Foul Ball, location: 2F
0-2: Strikes out swinging
Batting: RHB Jon Huband 0-0: Foul Ball, location: 2F
0-1: Ball
1-1: Called Strike
1-2: Foul Ball, location: 2F
1-2: Ball
2-2: Foul Ball, location: 2F
2-2: SINGLE (Groundball, 34) (infield hit)
Dale Epner to third
Donnie Magee to second
Batting: LHB Walter Butler 0-0: Called Strike
0-1: SINGLE (Line Drive, 89S)
Dale Epner scores
Donnie Magee to third
Jon Huband to second
Runner from 3rd tries for Home, SAFE, no throw
Pitching: RHP Aaron Corrigan
Batting: RHB Dallas Jiménez 0-0: Swinging Strike
0-1: Ball
1-1: Foul Ball, location: 2F
1-2: Ball
2-2: Foul Ball, location: 2F
2-2: Ball
3-2: Foul Ball, location: 2F
3-2: Grounds into double play, 1-6-3 (Groundball, 13S)
Top of the 8th over - 2 runs, 2 hits, 0 errors, 1 left on base; Valley 3 - South Beach 5
BOTTOM OF THE 8TH
South Beach Blaze batting - Pitching for Valley Blue Sox : RHP Risto Latva
Batting: SHB Noah Martone 0-0: Fly out, F7 (Flyball, 7)
Batting: RHB Mikael Evangjeli 0-0: DOUBLE (Flyball, 89D)
Batting: LHB Javier López 0-0: Called Strike
0-1: Swinging Strike
0-2: Ball
1-2: SINGLE (Line Drive, 89S)
Mikael Evangjeli to third
Batting: RHB Mark Patterson 0-0: Called Strike
0-1: Fly out, F8 (Flyball, 8LXD)
Runner from 3rd tags up, SCORES, no throw
Batting: LHB Tomislav Jovovich 0-0: Called Strike
0-1: Foul Ball, location: 2F
0-2: Ball
Javier López steals 2nd base
1-2: Ball
2-2: Fly out, F9 (Flyball, 89S)
Bottom of the 8th over - 1 run, 2 hits, 0 errors, 1 left on base; Valley 3 - South Beach 6
TOP OF THE 9TH
Valley Blue Sox batting - Pitching for South Beach Blaze : RHP Aaron Corrigan
Batting: RHB Júlio Hernández 0-0: Ground out U3 (Groundball, 34)
Batting: SHB Vincent Griffin 0-0: Ball
1-0: Hit by Pitch
Batting: RHB Jeff Fox 0-0: Fly out, F4 (Popup, 4)
Batting: RHB Dale Epner 0-0: Ball
1-0: Ball
2-0: Called Strike
2-1: Foul Ball, location: 2F
2-2: Ball
3-2: Foul Ball, location: 2F
3-2: Fly out, F6 (Line Drive, 6)
Top of the 9th over - 0 runs, 0 hits, 0 errors, 1 left on base; Valley 3 - South Beach 6
Friday, March 29th, 2019 - OOTP Baseball 18.8 Build 76